NYP
ROME BRAVES @ STATE COLLEGE SPIKES
06/18/2044
 
TOP OF THE 1ST
Rome Braves batting - Pitching for State College Spikes : RHP Jorge Aguilar
Pitching: RHP Jorge Aguilar
Batting: LHB J.P. Olson 0-0: Ball
1-0: Called Strike
1-1: Swinging Strike
1-2: Ball
2-2: Ball
3-2: Base on Balls
Batting: RHB Brandon Burrell 0-0: Called Strike
0-1: Called Strike
0-2: Ball
1-2: Strikes out swinging
J.P. Olson steals 2nd base
Batter strikes out.
Batting: LHB Curt Nelson 0-0: Foul Ball, location: 2F
0-1: Foul Ball, location: 2F
0-2: Ground out U3 (Groundball, 3L, EV 105.6 MPH)
J.P. Olson to third
Batting: RHB Ike Trout 0-0: Foul Ball, location: 2F
0-1: 2-RUN HOME RUN (Flyball, 9LD, EV 94.4 MPH), Distance : 349 ft
Batting: LHB Mike Tenorio 0-0: Ball
1-0: Called Strike
1-1: Ground out 3-1 (Groundball, 34, EV 103.8 MPH)
Top of the 1st over - 2 runs, 1 hit, 0 errors, 0 left on base; Rome 2 - State College 0
BOTTOM OF THE 1ST
State College Spikes batting - Pitching for Rome Braves : RHP Mokichi Furuta
Pitching: RHP Mokichi Furuta
Batting: LHB Ken Compton 0-0: Ball
1-0: Called Strike
1-1: Ball
2-1: SINGLE (Groundball, 3S, EV 73.1 MPH) (infield hit)
Batting: RHB Mark Cahill 0-0: Ball
Ken Compton is caught stealing 2nd base 2-4
1-0: Ball
2-0: Called Strike
2-1: SINGLE (Groundball, 5S, EV 65.0 MPH) (infield hit)
Batting: RHB Mark Marks 0-0: Called Strike
0-1: Ball
Mark Cahill steals 2nd base
1-1: Ball
2-1: Foul Ball, location: 2F
2-2: SINGLE (Groundball, 6MD, EV 96.2 MPH)
Mark Cahill to third
Runner from 3rd tries for Home, SAFE, throw by CF to home
Batting: RHB Melvin Enriquez 0-0: Ball
1-0: Swinging Strike
1-1: Ball
2-1: Ball
3-1: Called Strike
3-2: Strikes out swinging
Batting: LHB Jayden Thomas 0-0: Called Strike
0-1: Ball
1-1: Ball
2-1: Ball
3-1: Base on Balls
Mark Marks to second
Batting: SHB Jason Kirby 0-0: Called Strike
0-1: Foul Ball, location: 2F
0-2: Ball
1-2: Foul Ball, location: 2F
1-2: SINGLE (Groundball, P, EV 81.9 MPH) (infield hit)
Mark Marks to third
Jayden Thomas to second
Batting: RHB Francisco Vargas 0-0: Called Strike
0-1: Foul Ball, location: 2F
0-2: Strikes out swinging
Bottom of the 1st over - 1 run, 4 hits, 0 errors, 3 left on base; Rome 2 - State College 1
TOP OF THE 2ND
Rome Braves batting - Pitching for State College Spikes : RHP Jorge Aguilar
Batting: RHB Badr al Din Ridha 0-0: Called Strike
0-1: Swinging Strike
0-2: Foul Ball, location: 2F
0-2: Strikes out swinging
Batting: RHB Tim Molchan 0-0: Called Strike
0-1: Ground out 5-3 (Groundball, 56S, EV 75.0 MPH)
Batting: LHB Joe Phillips 0-0: Ball
1-0: Called Strike
1-1: SINGLE (Groundball, 34D, EV 97.5 MPH)
Batting: RHB Adrian Billups 0-0: Called Strike
0-1: Ball
1-1: Ball
2-1: Foul Ball, location: 2F
2-2: Reached on error, E6 (Groundball, 56D, EV 84.4 MPH)
Joe Phillips to second
Batting: LHB J.P. Olson 0-0: Swinging Strike
0-1: Foul Ball, location: 2F
0-2: SINGLE (Groundball, 56D, EV 100.6 MPH)
Joe Phillips to third
Adrian Billups to second
Runner from 3rd tries for Home, throw by LF and OUT! 7-2
Top of the 2nd over - 0 runs, 2 hits, 1 error, 2 left on base; Rome 2 - State College 1
BOTTOM OF THE 2ND
State College Spikes batting - Pitching for Rome Braves : RHP Mokichi Furuta
Batting: RHB Francisco de la Cruz 0-0: Ball
1-0: Called Strike
1-1: Ball
2-1: Ground out 6-3 (Groundball, 6, EV 83.8 MPH)
Batting: RHB Ray Souza 0-0: Ball
1-0: Ground out 5-3 (Groundball, 5L, EV 103.1 MPH)
Batting: LHB Ken Compton 0-0: Ball
1-0: Foul Ball, location: 2F
1-1: SINGLE (Line Drive, 9S, EV 105.6 MPH)
Batting: RHB Mark Cahill 0-0: Called Strike
0-1: Ball
1-1: Fielders Choice at 2nd, 6-4 (Groundball, 6, EV 84.4 MPH)
Bottom of the 2nd over - 0 runs, 1 hit, 0 errors, 1 left on base; Rome 2 - State College 1
TOP OF THE 3RD
Rome Braves batting - Pitching for State College Spikes : RHP Jorge Aguilar
Batting: RHB Brandon Burrell 0-0: Fly out, F7 (Flyball, 7, EV 88.8 MPH)
Batting: LHB Curt Nelson 0-0: Ball
1-0: Ball
2-0: Ball
3-0: Ground out 6-3 (Groundball, 6M, EV 86.9 MPH)
Batting: RHB Ike Trout 0-0: Ball
1-0: Swinging Strike
1-1: Ball
2-1: Ball
3-1: Base on Balls
Batting: LHB Mike Tenorio 0-0: Called Strike
Ike Trout steals 2nd, throwing error, E2
Ike Trout to third
0-1: Called Strike
0-2: Ball
1-2: Ball
2-2: Ball
3-2: Fly out, F7 (Flyball, 7LS, EV 81.2 MPH)
Top of the 3rd over - 0 runs, 0 hits, 1 error, 1 left on base; Rome 2 - State College 1
BOTTOM OF THE 3RD
State College Spikes batting - Pitching for Rome Braves : RHP Mokichi Furuta
Batting: RHB Mark Marks 0-0: Ball
1-0: Foul Ball, location: 2F
1-1: DOUBLE (Line Drive, 89D, EV 100.0 MPH)
Batting: RHB Melvin Enriquez 0-0: Ball
1-0: Ball
2-0: Called Strike
2-1: Foul Ball, location: 2F
2-2: Strikes out looking
Batting: LHB Jayden Thomas 0-0: Fly out, F8 (Flyball, 8LXD, EV 99.4 MPH)
Runner from 2nd tags up, SAFE at 3rd, no throw by CF
Batting: SHB Jason Kirby 0-0: Called Strike
0-1: Called Strike
0-2: Ball
1-2: Strikes out swinging
Bottom of the 3rd over - 0 runs, 1 hit, 0 errors, 1 left on base; Rome 2 - State College 1
TOP OF THE 4TH
Rome Braves batting - Pitching for State College Spikes : RHP Jorge Aguilar
Batting: RHB Badr al Din Ridha 0-0: Ball
1-0: Foul Ball, location: 2F
1-1: Ball
2-1: Called Strike
2-2: Ball
3-2: DOUBLE (Flyball, 89D, EV 86.9 MPH)
Batting: RHB Tim Molchan 0-0: Ball
1-0: SINGLE (Line Drive, 89S, EV 108.8 MPH)
Badr al Din Ridha to third
Runner from 3rd tries for Home, SAFE, throw by RF to home
Tim Molchan to second
Batting: LHB Joe Phillips 0-0: Ball
1-0: Ball
2-0: Ground out U3 (Groundball, 3, EV 87.5 MPH)
Tim Molchan to third
Batting: RHB Adrian Billups 0-0: Foul Ball, location: 2F
0-1: SINGLE (Groundball, 5S, EV 77.5 MPH) (infield hit)
Tim Molchan scores
Batting: LHB J.P. Olson 0-0: Ball
Adrian Billups steals 2nd base
1-0: Called Strike
1-1: Called Strike
1-2: DOUBLE (Line Drive, 9LS, EV 105.0 MPH)
Adrian Billups scores
Pitching: RHP Jason Meade
Batting: RHB Brandon Burrell 0-0: Ball
1-0: Ball
2-0: Ball
3-0: Called Strike
3-1: SINGLE (Line Drive, 56, EV 98.1 MPH)
J.P. Olson to third
Batting: LHB Curt Nelson 0-0: Ball
1-0: Ball
2-0: Called Strike
2-1: Ball
3-1: Base on Balls
Brandon Burrell to second
Batting: RHB Ike Trout 0-0: Ball
1-0: Ball
2-0: Ball
3-0: Called Strike
3-1: Base on Balls
J.P. Olson scores
Brandon Burrell to third
Curt Nelson to second
Batting: LHB Mike Tenorio 0-0: Foul Ball, location: 2F
0-1: Called Strike
0-2: Foul Ball, location: 2F
0-2: Strikes out swinging
Batting: RHB Badr al Din Ridha 0-0: Ball
1-0: Ball
2-0: Ball
3-0: Called Strike
3-1: Called Strike
3-2: Foul Ball, location: 2F
3-2: Foul Ball, location: 2F
3-2: Reached on error, E6 (Groundball, 6, EV 95.6 MPH)
Brandon Burrell scores
Curt Nelson to third
Ike Trout to second
Batting: RHB Tim Molchan 0-0: Ball
1-0: Ball
2-0: Called Strike
2-1: Foul Ball, location: 2F
2-2: Ball
3-2: Foul Ball, location: 2F
3-2: Foul Ball, location: 2F
3-2: Strikes out looking
Top of the 4th over - 5 runs, 5 hits, 1 error, 3 left on base; Rome 7 - State College 1
BOTTOM OF THE 4TH
State College Spikes batting - Pitching for Rome Braves : RHP Mokichi Furuta
Batting: RHB Francisco Vargas 0-0: Ground out 4-3 (Groundball, 4, EV 79.4 MPH)
Batting: RHB Francisco de la Cruz 0-0: Ball
1-0: Swinging Strike
1-1: Called Strike
1-2: Strikes out swinging
Batting: RHB Ray Souza 0-0: Called Strike
0-1: Swinging Strike
0-2: Foul Ball, location: 2F
0-2: Fly out, F7 (Flyball, 7, EV 92.5 MPH)
Bottom of the 4th over - 0 runs, 0 hits, 0 errors, 0 left on base; Rome 7 - State College 1
TOP OF THE 5TH
Rome Braves batting - Pitching for State College Spikes : RHP Jason Meade
Batting: LHB Joe Phillips 0-0: DOUBLE (Flyball, 8LD, EV 93.1 MPH)
Batting: RHB Adrian Billups 0-0: Called Strike
0-1: Ball
1-1: Foul Ball, location: 2F
1-2: Ball
2-2: Strikes out swinging
Batting: LHB J.P. Olson 0-0: Called Strike
0-1: Ball
1-1: Ground out 6-3 (Groundball, 6, EV 90.6 MPH)
Batting: RHB Brandon Burrell 0-0: Called Strike
0-1: Ball
1-1: DOUBLE (Groundball, 5L, EV 99.4 MPH)
Joe Phillips scores
Batting: LHB Curt Nelson 0-0: Called Strike
0-1: Foul Ball, location: 2F
0-2: Ball
1-2: Strikes out looking
Top of the 5th over - 1 run, 2 hits, 0 errors, 1 left on base; Rome 8 - State College 1
BOTTOM OF THE 5TH
State College Spikes batting - Pitching for Rome Braves : RHP Mokichi Furuta
Batting: LHB Ken Compton 0-0: Ball
1-0: Foul Ball, location: 2F
1-1: Ground out 4-3 (Groundball, 34D, EV 79.4 MPH)
Batting: RHB Mark Cahill 0-0: Ball
1-0: Called Strike
1-1: Foul Ball, location: 2F
1-2: Strikes out swinging
Batting: RHB Mark Marks 0-0: Fly out, F5 (Flyball, 5D, EV 90.6 MPH)
Bottom of the 5th over - 0 runs, 0 hits, 0 errors, 0 left on base; Rome 8 - State College 1
TOP OF THE 6TH
Rome Braves batting - Pitching for State College Spikes : RHP Jason Meade
Batting: RHB Ike Trout 0-0: Called Strike
0-1: Fly out, F8 (Flyball, 8LS, EV 96.2 MPH)
Batting: LHB Mike Tenorio 0-0: Ball
1-0: Foul Ball, location: 2F
1-1: Foul Ball, location: 2F
1-2: Strikes out swinging
Batting: RHB Badr al Din Ridha 0-0: Ball
1-0: Ball
2-0: Ball
3-0: Called Strike
3-1: Base on Balls
Batting: RHB Tim Molchan 0-0: Called Strike
0-1: Foul Ball, location: 2F
0-2: DOUBLE (Groundball, 5L, EV 102.5 MPH)
Badr al Din Ridha to third
Runner from 3rd tries for Home, SAFE, no throw by LF
Pitching: LHP Heath Maher
Batting: LHB Joe Phillips 0-0: Ball
1-0: Ball
2-0: Foul Ball, location: 2F
2-1: Called Strike
2-2: Strikes out swinging
Top of the 6th over - 1 run, 1 hit, 0 errors, 1 left on base; Rome 9 - State College 1
BOTTOM OF THE 6TH
State College Spikes batting - Pitching for Rome Braves : RHP Mokichi Furuta
Batting: RHB Melvin Enriquez 0-0: Called Strike
0-1: Swinging Strike
0-2: Ball
1-2: Strikes out swinging
Batting: LHB Jayden Thomas 0-0: Called Strike
0-1: Ball
1-1: Foul Ball, location: 2F
1-2: Ground out 1-3 (Groundball, 34S, EV 69.4 MPH)
Batting: SHB Jason Kirby 0-0: Called Strike
0-1: Foul Ball, location: 2F
0-2: Ground out U3 (Groundball, 3, EV 84.4 MPH)
Bottom of the 6th over - 0 runs, 0 hits, 0 errors, 0 left on base; Rome 9 - State College 1
TOP OF THE 7TH
Rome Braves batting - Pitching for State College Spikes : LHP Heath Maher
Batting: RHB Adrian Billups 0-0: Foul Ball, location: 2F
0-1: Ball
1-1: Foul Ball, location: 2F
1-2: Ground out 4-3 (Groundball, 4, EV 108.1 MPH)
Pitching: LHP Sean Cerna
Batting: LHB J.P. Olson 0-0: Ball
1-0: Ball
2-0: Ball
3-0: Called Strike
3-1: Base on Balls
Batting: RHB Brandon Burrell 0-0: Ball
1-0: Ball
2-0: Ball
3-0: Called Strike
3-1: Foul Ball, location: 2F
3-2: Strikes out swinging
Pinch Hitting: SHB Eric Reeser 0-0: Ball
J.P. Olson steals 2nd base
1-0: Ball
2-0: Ball
3-0: Called Strike
3-1: Base on Balls
Batting: RHB Ike Trout 0-0: Ball
1-0: Ball
2-0: Ball
3-0: Called Strike
3-1: Foul Ball, location: 2F
3-2: DOUBLE (Line Drive, 78XD, EV 101.9 MPH)
J.P. Olson scores
Eric Reeser to third
Eric Reeser scores
Batting: LHB Mike Tenorio 0-0: Ball
1-0: Called Strike
1-1: Ball
2-1: Ball
3-1: Fly out, F9 (Line Drive, 9, EV 97.5 MPH)
Top of the 7th over - 2 runs, 1 hit, 0 errors, 1 left on base; Rome 11 - State College 1
BOTTOM OF THE 7TH
State College Spikes batting - Pitching for Rome Braves : RHP Mokichi Furuta
Now in LF: Javier Rubio
Batting: RHB Francisco Vargas 0-0: Foul Ball, location: 2F
0-1: Foul Ball, location: 2F
0-2: Ball
1-2: Ground out 1-3 (Groundball, 34S, EV 70.6 MPH)
Batting: RHB Francisco de la Cruz 0-0: Swinging Strike
0-1: SINGLE (Groundball, 6D, EV 96.2 MPH)
Batting: RHB Ray Souza 0-0: Ball
1-0: Called Strike
1-1: Ball
2-1: Swinging Strike
2-2: Strikes out swinging
Pitching: RHP Jeremy Hurley
Batting: LHB Ken Compton 0-0: Called Strike
0-1: Ball
1-1: Ball
2-1: Foul Ball, location: 2F
2-2: Ground out U3 (Groundball, 34, EV 87.5 MPH)
Bottom of the 7th over - 0 runs, 1 hit, 0 errors, 1 left on base; Rome 11 - State College 1
TOP OF THE 8TH
Rome Braves batting - Pitching for State College Spikes : LHP Sean Cerna
Batting: RHB Badr al Din Ridha 0-0: Ball
1-0: Ball
2-0: Called Strike
2-1: Foul Ball, location: 2F
2-2: Foul Ball, location: 2F
2-2: Ball
3-2: Strikes out swinging
Batting: RHB Tim Molchan 0-0: Ball
1-0: Called Strike
1-1: Ball
2-1: Foul Ball, location: 2F
2-2: Foul Ball, location: 2F
2-2: Foul Ball, location: 2F
2-2: DOUBLE (Line Drive, 89D, EV 111.2 MPH)
Batting: LHB Joe Phillips 0-0: Swinging Strike
0-1: Ball
1-1: Ball
2-1: Ball
3-1: Swinging Strike
3-2: Base on Balls
Pitching: RHP Quinn Grantham
Batting: RHB Adrian Billups 0-0: SINGLE (Line Drive, 56, EV 102.5 MPH)
Tim Molchan to third
Joe Phillips to second
Batting: LHB J.P. Olson 0-0: Ball
1-0: Called Strike
1-1: Foul Ball, location: 2F
1-2: Ball
2-2: Grounds out, U3 (Groundball, 3L, EV 105.0 MPH)
Tim Molchan scores
Joe Phillips to third
Batting: RHB Brandon Burrell 0-0: Foul Ball, location: 2F
0-1: Foul Ball, location: 2F
0-2: Ball
1-2: Ground out 6-3 (Groundball, 6, EV 91.9 MPH)
Top of the 8th over - 1 run, 2 hits, 0 errors, 2 left on base; Rome 12 - State College 1
BOTTOM OF THE 8TH
State College Spikes batting - Pitching for Rome Braves : RHP Jeremy Hurley
Batting: RHB Mark Cahill 0-0: Called Strike
0-1: Called Strike
0-2: Ball
1-2: Ball
2-2: Foul Ball, location: 2F
2-2: Ball
3-2: Foul Ball, location: 2F
3-2: Fly out, F8 (Line Drive, 8RD, EV 95.0 MPH)
Batting: RHB Mark Marks 0-0: Called Strike
0-1: Foul Ball, location: 2F
0-2: Ball
1-2: Ball
2-2: Foul Ball, location: 2F
2-2: Foul Ball, location: 2F
2-2: Foul Ball, location: 2F
2-2: Ball
3-2: Foul Ball, location: 2F
3-2: Foul Ball, location: 2F
3-2: Fly out, F5 (Popup, 56S, EV 84.4 MPH)
Batting: RHB Melvin Enriquez 0-0: SOLO HOME RUN (Flyball, 7LD, EV 90.0 MPH), Distance : 332 ft
Batting: LHB Jayden Thomas 0-0: Ball
1-0: Foul Ball, location: 2F
1-1: Ball
2-1: Swinging Strike
2-2: Strikes out swinging
Bottom of the 8th over - 1 run, 1 hit, 0 errors, 0 left on base; Rome 12 - State College 2
TOP OF THE 9TH
Rome Braves batting - Pitching for State College Spikes : RHP Quinn Grantham
Batting: LHB Javier Rubio 0-0: Ball
1-0: Swinging Strike
1-1: Ball
2-1: Ball
3-1: Called Strike
3-2: Foul Ball, location: 2F
3-2: Ground out 5-3 (Groundball, 56, EV 83.8 MPH)
Batting: RHB Ike Trout 0-0: Foul Ball, location: 2F
0-1: Foul Ball, location: 2F
0-2: Foul Ball, location: 2F
0-2: TRIPLE (Line Drive, 9LD, EV 106.9 MPH)
Batting: LHB Mike Tenorio 0-0: Called Strike
0-1: Ball
1-1: Swinging Strike
1-2: Strikes out swinging
Batting: RHB Badr al Din Ridha 0-0: Ball
1-0: Fly out, F7 (Line Drive, 7S, EV 103.8 MPH)
Top of the 9th over - 0 runs, 1 hit, 0 errors, 1 left on base; Rome 12 - State College 2
BOTTOM OF THE 9TH
State College Spikes batting - Pitching for Rome Braves : RHP Jeremy Hurley
Batting: SHB Jason Kirby 0-0: Foul Ball, location: 2F
0-1: Swinging Strike
0-2: Fly out, F7 (Flyball, 7LM, EV 99.4 MPH)
Batting: RHB Francisco Vargas 0-0: Swinging Strike
0-1: Ball
1-1: Fly out, F3 (Popup, 3SF, EV 73.8 MPH)
Batting: RHB Francisco de la Cruz 0-0: Swinging Strike
0-1: Foul Ball, location: 2F
0-2: Strikes out swinging
Bottom of the 9th over - 0 runs, 0 hits, 0 errors, 0 left on base; Rome 12 - State College 2
Thursday, March 31st , 2022 - OOTP Baseball 22.12 Build 89